 Dungeon Sprint DCSS version 0.29-a0-414-g5075937ec3 (webtiles) character file.

Game seed: 9139059687566712569

4100000 Zeld the Intangible (level 22, -47/194 HPs)
             Began as a Djinni Monk on May 15, 2022.
             Was the Champion of Makhleb.
             Annihilated by a sculptor of flesh
             ... wielding a +9 great sword
              (193 damage)
             ... in the Dungeon (Sprint VIII: "Arena of Blood").
             The game lasted 00:00:55 (41 turns).

Zeld the Intangible (Djinni Monk)                     Turns: 41, Time: 00:00:56

Health: -47/194    AC:  2    Str: 18    XL:     22   Next: 63%
Gold:   0          EV: 30    Int: 13    God:    Makhleb [******] SH:  0 Dex: 18

rFire   + + .      SeeInvis .   h - +∞ Axe of Woe
rCold   x . .      Faith    .   (shield currently unavailable)
rNeg    . . .      Spirit   .   a - +0 robe
rPois   ∞          Reflect  .   (no helmet)
rElec   .          Harm     .   (no cloak)
rCorr   .          Rampage  .   (no gloves)
Will    ++...      NoTele   +   (boots unavailable)
Stlth   ++++++++++              (no amulet)
HPRegen 0.42/turn               (no ring)
MPRegen 0.00/turn               (no ring)

@: flying
A: sickness immunity, fire resistance 2, cold vulnerability 1, float, innate
caster, HP casting, extra vitality 1
a: Renounce Religion, Minor Destruction, Lesser Servant of Makhleb, Major
Destruction, Greater Servant of Makhleb


You were in the Dungeon.
You worshipped Makhleb.
Makhleb was exalted by your worship.
You visited 1 branch

Inventory:

Hand Weapons
 h - the +∞ Axe of Woe (weapon)
   (You found it in the Dungeon)
Armour
 a - a +0 robe (worn)
Scrolls
 g - a scroll of blinking
Potions
 b - a potion of ambrosia
 c - a potion of curing
 d - a potion of heal wounds
 e - a potion of haste
 f - a potion of berserk rage


   Skills:
 O Level 27 Fighting
 + Level 10.2(12.0) Short Blades
 + Level 10.2(12.0) Long Blades
 O Level 27 Axes
 + Level 9.4(20.6) Maces & Flails
 + Level 9.4(20.6) Polearms
 + Level 10.2(13.5) Staves
 + Level 9.4(11.1) Slings
 + Level 9.4 Bows
 + Level 9.4 Crossbows
 + Level 9.4(11.1) Throwing
 + Level 10.4 Armour
 O Level 27 Dodging
 O Level 27 Stealth
 + Level 10.4 Shields
 O Level 27 Unarmed Combat
 O Level 27 Spellcasting
 + Level 10.4 Invocations
 + Level 10.4 Evocations


You had 30 spell levels left.
You knew the following spells:

 Your Spells              Type           Power      Damage    Failure   Level
a - Apportation           Tloc           100%       N/A       0%          1
b - Ensorcelled Hibernat  Hex/Ice        100%       N/A       0%          2
c - Corpse Rot            Necr/Air       100%       N/A       0%          2
d - Teleport Other        Tloc           73%        N/A       0%          3
e - Borgnjor's Vile Clut  Necr/Erth      36%        N/A       0%          5
f - Summon Forest         Summ/Tloc      36%        N/A       0%          5
g - Statue Form           Tmut/Erth      48%        N/A       0%          6
h - Death Channel         Necr           36%        N/A       0%          6
i - Malign Gateway        Summ/Tloc      36%        N/A       1%          7
j - Borgnjor's Revivific  Necr           36%        N/A       1%          8
Your spell library was empty.

Dungeon Overview and Level Annotations

Branches:
Dungeon (1/1)

Altars:
Makhleb

Annotations:
D The Servant


Innate Abilities, Weirdness & Mutations

You are immune to sickness and miasma.
You are immune to poison.
Your flesh is very heat resistant. (rF++)
You are vulnerable to cold. (rC-)
You float through the air rather than walking.
You learn spells naturally, not from books.
Your magical power is your life essence.
You have superior vitality. (+4 MHP)


Message History

Your Bows skill gained 2 levels and is now at level 8!
Your Crossbows skill gained 2 levels and is now at level 8!
Your base Throwing skill gained 2 levels and is now at level 8!
Your Armour skill gained 2 levels and is now at level 9!
Your Shields skill gained 2 levels and is now at level 9!
Your Invocations skill gained 2 levels and is now at level 9!
Your Evocations skill gained 2 levels and is now at level 9!
You have reached level 22!
The bag of meat shouts!
The destroyer shouts!
You slice the meat berserker!!
You butcher the meat berserker messily.
You kill the meat berserker!
Makhleb accepts your kill.
You feel better.
You hear a shout! x5
A bag of meat comes into view. It is wielding a +9 war axe. x3
You hear a shout! x4
The Servant hits you from afar with a +9 glaive of flaming!!!
The Servant burns you.
You hear a shout!
The destroyer points at you and mumbles some strange words.
The destroyer blinks!
The bag of meat shouts! x2
Your base Short Blades skill increases to level 10!
Your base Long Blades skill increases to level 10!
Your base Maces & Flails skill increases to level 9!
Your base Polearms skill increases to level 9!
Your base Staves skill increases to level 10!
Your base Slings skill increases to level 9!
Your Bows skill increases to level 9!
Your Crossbows skill increases to level 9!
Your base Throwing skill increases to level 9!
Your Armour skill increases to level 10!
Your Shields skill increases to level 10!
Your Invocations skill increases to level 10!
Your Evocations skill increases to level 10!
A destroyer comes into view. It is wielding a +9 vorpal great sword.
The sculptor of flesh attacks as you move away!
The sculptor of flesh hits you with a +9 great sword!!!!!
Ouch! That really hurt!
You die... .. .. #oo

..# #.o ..#
.###.. ..###.
....oO###......
....V.○_.......
....#.☼O).#....
. #_)☼z_# .
#V)@).#
......._.@oO..o.
......###...oV..
.###.. ..###.o
#.. ..# . #o.
..# .. ... V§
....


You could see The Servant, 4 destroyers, a sculptor of flesh, 3 meat berserkers
and 8 bags of meat.

Vanquished Creatures
  6 vampire knights (D)
  14 ogres (D)
  A two-headed ogre (D)
  A hydra (D)
  13 orcs (D)
  A skeletal warrior (D)
36 creatures vanquished.

Notes
Turn   | Place    | Note
-------+----------+-------------------------------------------
     0 | D        | Found the +∞ Axe of Woe
     0 | D        | Zeld the Djinni Monk began the quest for the Orb.
     0 | D        | Reached XP level 1. HP: 20/20 MP: 0/0
     2 | D        | Noticed a bag of meat
     2 | D        | Killed a bag of meat
     2 | D        | Noticed a bag of meat
     2 | D        | Noticed a bag of meat
     2 | D        | Noticed a bag of meat
     3 | D        | Reached skill level 15 in Fighting
     3 | D        | Reached skill level 5 in Stealth
     3 | D        | Reached XP level 2. HP: 43/43 MP: 0/0
     3 | D        | Reached XP level 3. HP: 49/49 MP: 0/0
     3 | D        | Learned a level 1 spell: Apportation
     3 | D        | Reached XP level 4. HP: 55/55 MP: 0/0
     3 | D        | Reached XP level 5. HP: 60/60 MP: 0/0
     3 | D        | Learned a level 2 spell: Ensorcelled Hibernation
     3 | D        | Reached XP level 6. HP: 67/67 MP: 0/0
     3 | D        | Reached XP level 7. HP: 72/72 MP: 0/0
     3 | D        | Learned a level 2 spell: Corpse Rot
     3 | D        | Reached XP level 8. HP: 78/78 MP: 0/0
     3 | D        | Reached XP level 9. HP: 84/84 MP: 0/0
     3 | D        | Learned a level 3 spell: Teleport Other
     3 | D        | Reached XP level 10. HP: 90/90 MP: 0/0
     3 | D        | Reached XP level 11. HP: 95/95 MP: 0/0
     3 | D        | Learned a level 5 spell: Borgnjor's Vile Clutch
     3 | D        | Noticed a bag of meat
     3 | D        | Noticed a bag of meat
     5 | D        | Became a worshipper of Makhleb the Destroyer
     5 | D        | Reached * piety under Makhleb
     5 | D        | Reached ** piety under Makhleb
     6 | D        | Noticed a meat berserker
     6 | D        | Noticed a bag of meat
     8 | D        | Noticed a bag of meat
     8 | D        | Noticed a bag of meat
    10 | D        | Noticed a meat berserker
    11 | D        | Killed a meat berserker
    11 | D        | Noticed a bag of meat
    11 | D        | Noticed a meat berserker
    11 | D        | Noticed a bag of meat
    12 | D        | Reached XP level 12. HP: 107/109 MP: 0/0
    12 | D        | Reached XP level 13. HP: 113/115 MP: 0/0
    12 | D        | Learned a level 5 spell: Summon Forest
    12 | D        | Killed a bag of meat
    12 | D        | Killed a bag of meat
    13 | D        | Reached skill level 1 in Spellcasting
    13 | D        | Reached XP level 14. HP: 126/126 MP: 0/0
    13 | D        | Killed a meat berserker
    13 | D        | Reached *** piety under Makhleb
    13 | D        | Noticed a meat berserker
    13 | D        | Noticed a bag of meat
    14 | D        | Killed a meat berserker
    14 | D        | Killed a bag of meat
    14 | D        | Killed a bag of meat
    14 | D        | Reached **** piety under Makhleb
    14 | D        | Noticed a meat berserker
    15 | D        | Reached XP level 15. HP: 39/139 MP: 0/0
    15 | D        | Learned a level 6 spell: Statue Form
    15 | D        | Killed a meat berserker
    15 | D        | Reached ***** piety under Makhleb
    15 | D        | Noticed a meat berserker
    16 | D        | Reached skill level 27 in Dodging
    16 | D        | Reached skill level 10 in Stealth
    16 | D        | Reached XP level 16. HP: 95/153 MP: 0/0
    16 | D        | Reached XP level 17. HP: 99/159 MP: 0/0
    16 | D        | Learned a level 6 spell: Death Channel
    17 | D        | Reached skill level 27 in Fighting
    18 | D        | Noticed a large bag of meat
    19 | D        | Killed a meat berserker
    19 | D        | Killed a meat berserker
    19 | D        | Noticed a meat berserker
    19 | D        | Noticed a destroyer
    19 | D        | Noticed a destroyer
    20 | D        | Reached skill level 27 in Unarmed Combat
    21 | D        | Noticed a meat berserker
    22 | D        | Noticed a destroyer
    23 | D        | Killed a destroyer
    24 | D        | Reached XP level 18. HP: 167/167 MP: 0/0
    24 | D        | Killed a meat berserker
    25 | D        | Reached skill level 15 in Spellcasting
    25 | D        | Noticed a destroyer
    26 | D        | Noticed an eight-headed meat hydra
    26 | D        | Killed a large bag of meat
    26 | D        | Reached ****** piety under Makhleb
    27 | D        | Reached XP level 19. HP: 164/174 MP: 0/0
    27 | D        | Learned a level 7 spell: Malign Gateway
    27 | D        | Noticed a sculptor of flesh
    27 | D        | Noticed a meat berserker
    28 | D        | Killed a meat berserker
    28 | D        | Killed a destroyer
    28 | D        | Noticed The Servant
    29 | D        | Reached skill level 27 in Axes
    30 | D        | Noticed a meat berserker
    31 | D        | Killed a destroyer
    31 | D        | Noticed a meat berserker
    32 | D        | Reached skill level 15 in Stealth
    32 | D        | Reached XP level 20. HP: 65/181 MP: 0/0
    32 | D        | Noticed a destroyer
    32 | D        | Killed a meat berserker
    32 | D        | Killed a destroyer
    32 | D        | Noticed a meat berserker
    33 | D        | Reached skill level 27 in Spellcasting
    33 | D        | Killed a nine-headed meat hydra
    33 | D        | Killed a destroyer
    33 | D        | Noticed a meat berserker
    34 | D        | Reached XP level 21. HP: 155/187 MP: 0/0
    34 | D        | Learned a level 8 spell: Borgnjor's Revivification
    35 | D        | Reached skill level 27 in Stealth
    35 | D        | Noticed a destroyer
    35 | D        | Noticed a meat berserker
    35 | D        | Noticed a meat berserker
    36 | D        | Noticed a meat berserker
    36 | D        | Noticed a large bag of meat
    36 | D        | Noticed a destroyer
    37 | D        | Killed a meat berserker
    37 | D        | Killed a meat berserker
    37 | D        | Noticed a meat berserker
    37 | D        | Noticed a destroyer
    38 | D        | Reached skill level 5 in Short Blades
    38 | D        | Reached skill level 5 in Long Blades
    38 | D        | Reached skill level 5 in Maces & Flails
    38 | D        | Reached skill level 5 in Polearms
    38 | D        | Reached skill level 5 in Staves
    38 | D        | Reached skill level 5 in Slings
    38 | D        | Reached skill level 5 in Bows
    38 | D        | Reached skill level 5 in Crossbows
    38 | D        | Reached skill level 5 in Throwing
    38 | D        | Killed a meat berserker
    39 | D        | Killed a meat berserker
    39 | D        | Killed a destroyer
    39 | D        | Noticed a destroyer
    39 | D        | Noticed a destroyer
    40 | D        | Reached XP level 22. HP: 161/194 MP: 0/0
    40 | D        | Killed a meat berserker
    41 | D        | Reached skill level 10 in Short Blades
    41 | D        | Reached skill level 10 in Long Blades
    41 | D        | Reached skill level 10 in Staves
    41 | D        | Reached skill level 10 in Armour
    41 | D        | Reached skill level 10 in Shields
    41 | D        | Reached skill level 10 in Invocations
    41 | D        | Reached skill level 10 in Evocations
    41 | D        | Noticed a destroyer
    41 | D        | Annihilated by a sculptor of flesh

Illustrated notes

Levels and vault maps discovered:
D:        meatsprint

Skill      XL: |  1  2  3  4  5  6  7  8  9 10 11 12 13 14 15 16 17 18 19 20 21 22 |
---------------+-------------------------------------------------------------------+-----
Fighting       | 15 18 20 24 26 27 | 27.0
Axes           | 2 4 6 11 16 22 26 27 | 27.0
Dodging        | 16 20 22 25 27 | 27.0
Stealth        | 5 6 7 9 10 11 12 15 26 27 | 27.0
Unarmed Combat | 14 18 19 23 25 27 | 27.0
Spellcasting   | 1 13 17 25 27 | 27.0
Short Blades   | 9 10 | 10.2
Long Blades    | 9 10 | 10.2
Maces & Flails | 8 9 |  9.4
Polearms       | 8 9 |  9.4
Staves         | 9 10 | 10.2
Slings         | 8 9 |  9.4
Bows           | 8 9 |  9.4
Crossbows      | 8 9 |  9.4
Throwing       | 8 9 |  9.4
Armour         | 9 10 | 10.4
Shields        | 9 10 | 10.4
Invocations    | 9 10 | 10.4
Evocations     | 9 10 | 10.4

Action                   |  1- 3 |  4- 6 |  7- 9 | 10-12 | 13-15 | 16-18 | 19-21 | 22-24 || total
-------------------------+-------+-------+-------+-------+-------+-------+-------+-------++-------
Melee: Executioner's axe |     1 |       |       |     1 |     4 |     5 |    10 |     1 ||    22
Dodge: Dodged            |       |       |       |     2 |     1 |       |     2 |       ||     5

Table legend: (Time is in decaauts)
 A = Elapsed time spent in this place.
 B = Non-inter-level travel time spent in this place.
 C = Inter-level travel time spent in this place.
 D = Time resting spent in this place.
 E = Time spent auto-exploring this place.
 F = Levels seen in this place.
 G = Mean time per level.
                   A        B        C        D        E       F      G
               +--------+--------+--------+--------+--------+-----+--------+
         Total |     40 |     40 |      0 |      0 |      0 |   1 |   40.0 |
       Dungeon |     40 |     40 |      0 |      0 |      0 |   1 |   40.0 |
               +--------+--------+--------+--------+--------+-----+--------+

Top non-repeatable levels by time:
       D: 40 daAuts
